 Dungeon Crawl Stone Soup version 0.17.1-3-g152610e (webtiles) character file.

1263 Alarkh the Cleaver (level 8, -11/56 HPs)
             Began as a Mummy Skald on Apr 17, 2016.
             Mangled by Prince Ribbit (17 damage)
             ... on level 5 of the Dungeon.
             The game lasted 00:10:57 (5608 turns).

Alarkh the Cleaver (Mummy Skald)                    Turns: 5608, Time: 00:10:58

Health: -11/56     AC:  9    Str: 16    XL:     8   Next: 27%
Magic:  7/11       EV: 11    Int: 13    God:
Gold:   270        SH:  0    Dex: 11    Spells: 4 memorised, 3 levels left

rFire  . . .     SeeInvis .     l - +0 war axe
rCold  + . .     Clarity  .     g - +0 leather armour
rNeg   + + +     SustAt   .     (no shield)
rPois  ∞         Gourm    .     (no helmet)
rElec  .         Spirit   .     i - +0 cloak
rCorr  .         Warding  .     d - +1 pair of gloves
rMut   .         Stasis   .     p - +2 pair of boots
MR     +....                    m - amulet of regeneration
Stlth  +.........               (no ring)
                                o - ring of protection from fire

@: infused (expiring), very slightly contaminated, somewhat resistant to hostile
enchantments, very unstealthy
A: no food or potions, fire vulnerability, cold resistance 1, negative energy
resistance 3, torment resistance, unbreathing
a: no special abilities


You were on level 5 of the Dungeon.
You were not hungry.

You visited 1 branch of the dungeon, and saw 6 of its levels.

You collected 270 gold pieces.

Inventory:

Hand Weapons
 a - a +0 hand axe
 l - a +0 war axe (weapon)
Armour
 b - a +0 leather armour
 d - a +1 pair of gloves (worn)
 g - a +0 leather armour (worn)
 i - a +0 cloak (worn)
 p - a +2 pair of boots (worn)
Jewellery
 m - an amulet of regeneration (around neck)
 o - a ring of protection from fire (left hand)
Scrolls
 f - a scroll of remove curse
 h - a scroll of magic mapping
 j - a scroll of enchant weapon
 k - 3 scrolls of immolation
 n - a scroll of fog
Books
 c - a book of Battle

   Spells                             Type                      Level
   a - Infusion                       Charms                       1
   b - Shroud of Golubria             Charms/Translocation         2
   c - Song of Slaying                Charms                       2
   d - Spectral Weapon                Hexes/Charms                 3
   e - Regeneration                   Charms/Necromancy            3


   Skills:
 - Level 2.0 Fighting
 + Level 8.6 Axes
 - Level 0.7 Armour
 - Level 0.7 Dodging
 - Level 2.0 Spellcasting
 - Level 2.4 Charms


You had 3 spell levels left.
You knew the following spells:

 Your Spells              Type           Power        Failure   Level  Hunger
a - Infusion              Chrm           #.....       14%         1    N/A
b - Song of Slaying       Chrm           #.......     21%         2    N/A
c - Spectral Weapon       Hex/Chrm       #.......     65%         3    N/A
e - Shroud of Golubria    Chrm/Tloc      #.........   30%         2    N/A

Dungeon Overview and Level Annotations

Branches:
Dungeon (6/15)
 Temple: D:4-7

Altars:
Cheibriados
Dithmenos
Fedhas
Okawaru
Trog
Vehumet
Xom

Annotations:
D:5 Prince Ribbit
D:6 Sl000nik's ghost, novice GrFi


Innate Abilities, Weirdness & Mutations

You do not eat or drink.
Your flesh is vulnerable to fire.
You are immune to poison.
Your flesh is cold resistant.
You are immune to negative energy.
You are immune to unholy pain and torment.
You can survive without breathing.


Message History

You begin infusing your attacks with magical energy.
Prince Ribbit closely misses you. Prince Ribbit hits you!
Casting: Infusion
Confirm with . or Enter, or press ? or * to list all spells.
Space distorts slightly along a thin shroud covering your body.
Your shroud bends Prince Ribbit's attack away!
Prince Ribbit hits you!
* * * LOW HITPOINT WARNING * * *
Your shroud falls apart!
You see here 28 arrows.
Prince Ribbit hits you!
* * * LOW HITPOINT WARNING * * *
Read which item? (? for menu, Esc to quit)
Okay, then.
Prince Ribbit barely misses you.
Your magical infusion is running out.
Prince Ribbit lets out a mournful croak.
Prince Ribbit closely misses you. Prince Ribbit hits you!
You die...

...#.....#........#
##.#.....#.##....####
...###.###.##....##.#
..................(.##########
.......................#.....#
.......................'.....#
......##...##.######8..'...._#
......##...#####.......'.....#
......#........F@......#.....#
......#.............##########
......#..............#
#####.##...##.##....##
...##'##(..##.##....##
....#................#
....#................#
....'................#
...######'###........#


You could see Prince Ribbit.

Vanquished Creatures
  An ice beast (D:5)
  A water moccasin (D:3)
  A necrophage (D:5)
  3 ogres
  A big kobold (D:4)
  A wyvern skeleton (D:6)
  2 giant frog skeletons (D:4)
  2 orc priests (D:4)
  3 hounds
  A centaur skeleton (D:5)
  2 orc wizards
  4 worker ants
  An iguana (D:4)
  A hound skeleton (D:4)
  A mummy (D:5)
  6 adders
  A gnoll (D:2)
  2 shadow imps (D:5)
  An ooze (D:1)
  An adder skeleton (D:4)
  3 worms (D:2)
  3 giant geckos
  11 orcs
  3 ball pythons
  8 bats
  5 giant cockroaches
  12 hobgoblins
  2 jackals (D:4)
  A quokka (D:4)
  3 giant newts
  9 goblins
  28 kobolds
  7 rats
131 creatures vanquished.

Vanquished Creatures (others)
  A fungus (D:5)
1 creature vanquished.

Grand Total: 132 creatures vanquished

Notes
Turn   | Place    | Note
--------------------------------------------------------------
     0 | D:1      | Alarkh the Mummy Skald began the quest for the Orb.
     0 | D:1      | Reached XP level 1. HP: 16/16 MP: 3/3
   223 | D:1      | Reached XP level 2. HP: 17/22 MP: 1/5
   233 | D:1      | Learned a level 2 spell: Song of Slaying
   236 | D:1      | Learned a level 2 spell: Shroud of Golubria
   743 | D:1      | Reached XP level 3. HP: 11/27 MP: 0/6
   907 | D:1      | Reached skill level 3 in Axes
  1239 | D:2      | Reached XP level 4. HP: 23/33 MP: 2/7
  1264 | D:2      | Found a shimmering altar of Xom.
  1532 | D:3      | Noticed a water moccasin
  1550 | D:3      | Killed a water moccasin
  1550 | D:3      | Reached skill level 4 in Axes
  1550 | D:3      | Reached XP level 5. HP: 14/38 MP: 0/8
  2639 | D:3      | Reached skill level 5 in Axes
  3081 | D:4      | Reached XP level 6. HP: 25/44 MP: 5/9
  3141 | D:4      | Learned a level 3 spell: Spectral Weapon
  3230 | D:4      | Found an iron altar of Okawaru.
  3230 | D:4      | Found a shadowy altar of Dithmenos.
  3604 | D:4      | Reached skill level 6 in Axes
  3646 | D:4      | Noticed an ogre
  3809 | D:5      | Entered Level 5 of the Dungeon
  3919 | D:5      | Found a radiant altar of Vehumet.
  3925 | D:5      | Found a bloodstained altar of Trog.
  3947 | D:5      | Noticed Prince Ribbit
  4116 | D:4      | Reached XP level 7. HP: 48/50 MP: 4/10
  4217 | D:3      | Killed an ogre
  4497 | D:3      | Reached skill level 7 in Axes
  4935 | D:6      | Noticed Sl000nik's ghost (novice GrFi)
  4961 | D:5      | Reached skill level 8 in Axes
  4961 | D:5      | Reached XP level 8. HP: 41/56 MP: 7/11
  5017 | D:5      | Found a snail-covered altar of Cheibriados.
  5487 | D:5      | Found a blossoming altar of Fedhas.
  5601 | D:5      | HP: 2/56 [Prince Ribbit (15)]
  5608 | D:5      | Mangled by Prince Ribbit

Action                   |  1- 3 |  4- 6 |  7- 9 || total
-------------------------+-------+-------+-------++-------
Melee: Hand axe          |   104 |    97 |       ||   201
       War axe           |       |   143 |   139 ||   282
 Cast: Infusion          |    19 |    46 |    20 ||    85
       Shroud of Golubri |       |     5 |    15 ||    20
  Use: Scroll            |       |     7 |     2 ||     9
